 Dungeon Crawl Stone Soup version 0.31.0-1-g2c135a0 (webtiles) character file.

Game seed: 4591734007682144467

25 bonegar the Sneak (level 3, -2/28 HPs)
             Began as a Naga Enchanter on Feb 13, 2024.
             Slain by an adder (3 damage)
             ... on level 2 of the Dungeon.
             The game lasted 00:05:33 (1011 turns).

bonegar the Sneak (Naga Enchanter)                  Turns: 1011, Time: 00:05:34

Health: -2/28      AC:  3    Str: 10    XL:     3   Next: 6%
Magic:  6/6        EV: 10    Int: 15    God:
Gold:   25         SH:  0    Dex: 13    Spells: 6/6 levels left

rFire   . . .        a - +1 dagger
rCold   . . .        (no shield)
rNeg    . . .        b - +0 robe
rPois   +            (no helmet)
rElec   .            e - +0 cloak
rCorr   .            (no gloves)
SInv    +            (no barding)
Will    .....        (no amulet)
Stlth   +++          (no ring)
HPRegen 0.24/turn    (no ring)
MPRegen 0.10/turn

%: no passive effects
@: lethally poisoned (-2 -> -3), very slow
A: AC +1, large, see invisible, deformed body, poison resistance, slowness 2,
spit poison 1, naga tail 1
a: Spit Poison


You were on level 2 of the Dungeon.
You visited 1 branch of the dungeon, and saw 2 of its levels.

You collected 25 gold pieces.

Inventory:

Hand Weapons
 a - a +1 dagger (weapon)
Armour
 b - a +0 robe (worn)
 e - a +0 cloak (worn)
Scrolls
 d - a scroll of immolation {unknown}
 f - a scroll of enchant weapon {unknown}
 g - a scroll of noise {unknown}
Potions
 c - 3 potions of invisibility
 h - a potion of curing {unknown}


   Skills:
 + Level 1.3 Short Blades
 + Level 1.9 Dodging
 + Level 4.9 Stealth
 + Level 2.3 Spellcasting
 + Level 3.2 Hexes


You had 6 spell levels left.
You didn't know any spells.
Your spell library contained the following spells:

 Spells                   Type           Power      Damage    Failure   Level
 Ensorcelled Hibernation  Hex/Ice        12%        N/A       17%         2
 Confusing Touch          Hex            11%        N/A       17%         3
 Tukima's Dance           Hex            11%        N/A       17%         3
 Freeze                   Ice            4%         1d3       22%         1
 Dazzling Flash           Conj/Hex       12%        N/A       32%         3
 Frozen Ramparts          Ice            2%         1d1       54%         3
 Hailstorm                Conj/Ice       1%         3d5       54%         3


Dungeon Overview and Level Annotations

Branches:
Dungeon (2/15)

Altars:


Innate Abilities, Weirdness & Mutations

Your serpentine skin is tough. (AC +1)
You have supernaturally acute eyesight. (SInv)
Armour fits poorly on your strangely shaped body.
Your system is resistant to poisons. (rPois)
You cover ground very slowly.
You can spit poison.
You have a snake-like lower body.


Message History

The ball python bites you.
You miss the adder.
The adder is almost dead.
You have got your breath back.
You feel sick.
The ball python bites you but does no damage.
The adder bites you.
You are more poisoned.
The adder poisons you! The ball python barely misses you.
You barely miss the adder.
The adder is almost dead.
You feel sick. The adder bites you but does no damage.
The ball python bites you but does no damage.
The ball python barely misses you. The adder closely misses you.
The ball python bites you.
Unknown command.
You hit the adder but do no damage.
The adder is almost dead.
You feel sick. The ball python closely misses you. The adder barely misses you.
The ball python bites you.
Unknown command.
You miss the adder.
The adder is almost dead.
You feel sick. The ball python closely misses you. The adder bites you.
* * * LOW HITPOINT WARNING * * *
The ball python closely misses you.
Unknown command.
You hit the adder.
The adder is almost dead.
You feel sick. The ball python closely misses you.
The adder closely misses you.
The ball python bites you but does no damage.
The ball python closely misses you.
Unknown command.
You barely miss the adder.
The adder is almost dead.
You feel sick. The adder barely misses you. The ball python bites you.
* * * LOW HITPOINT WARNING * * *
The ball python closely misses you. The adder bites you.
You die...

## ##### ... ...
## #.. ##.. .##
#...#..## #..##
#....SS.###....#
#@S.#...#
##.....# ##._.##
#####.....#
#.#..#...#...#
#.......###......
#...#..## #..#..
######..# .## .
#†## #


You could see an adder and 2 ball pythons.

Vanquished Creatures
  2 bats (D:1)
  4 endoplasms (D:1)
  2 goblins (D:1)
  2 hobgoblins (D:1)
  3 kobolds (D:1)
  2 quokkas (D:1)
  4 ball pythons
  4 rats (D:1)
23 creatures vanquished.

Notes
Turn   | Place    | Note
-------+----------+-------------------------------------------
     0 | D:1      | bonegar the Naga Enchanter began the quest for the Orb.
     0 | D:1      | Reached XP level 1. HP: 15/15 MP: 3/3
   149 | D:1      | Reached XP level 2. HP: 11/22 MP: 5/5
   940 | D:2      | Reached XP level 3. HP: 18/28 MP: 6/6
   988 | D:2      | Found a faded altar of an unknown god.
  1011 | D:2      | HP: 1/28 [ball python (1)]
  1011 | D:2      | Slain by an adder

Illustrated notes

Levels and vault maps discovered:
D:1:      scummos_arrival_forest, layout_rooms
D:2:      layout_basic, nicolae_ecumenical_snake_handling,
          kennysheep_generic_room_16

Action                     || total
---------------------------++-------
  Melee: Dagger            ||    94
Ability: Spit Poison       ||     1
   Stab: Sleeping          ||     5
 Armour: Robe              ||    69
  Dodge: Dodged            ||    52
